 Dungeon Crawl Stone Soup version 0.20.2-3-g29329e0561 (webtiles) character file.

5381 Alfie the Slicer (level 10, -1/86 HPs)
             Began as a Hill Orc Fighter on Feb 9, 2023.
             Slain by a komodo dragon (25 damage)
             ... on level 1 of the Lair of Beasts.
             The game lasted 00:19:28 (6786 turns).

Alfie the Slicer (Hill Orc Fighter)                 Turns: 6786, Time: 00:19:28

Health: -1/86      AC: 15    Str: 23    XL:     10   Next: 66%
Magic:  10/10      EV: 10    Int:  8    God:
Gold:   175        SH: 12    Dex: 10    Spells: 8/9 levels left

rFire    . . .     SeeInvis .   a - +0 rapier
rCold    . . .     Gourm    .   c - +1 shield
rNeg     . . .     Faith    .   b - +1 scale mail
rPois    .         Spirit   .   v - +1 helmet
rElec    .         Reflect  .   (no cloak)
rCorr    .         Harm     .   w - +1 pair of gloves
MR       .....                  A - +0 pair of boots
Stlth    ..........             (no amulet)
Regen    0.3/turn               (no ring)
MPRegen  0.2/turn               (no ring)

@: no status effects
A: no striking features
a: no special abilities


You were on level 1 of the Lair of Beasts.
You were full.

You visited 2 branches of the dungeon, and saw 9 of its levels.

You collected 579 gold pieces.
You spent 404 gold pieces at shops.

Inventory:

Hand Weapons
 a - a +0 rapier (weapon)
Armour
 b - a +1 scale mail (worn)
 c - a +1 shield (worn)
 v - a +1 helmet (worn)
 w - a +1 pair of gloves (worn)
 A - a +0 pair of boots (worn)
Jewellery
 y - an uncursed amulet of harm
 G - an uncursed ring of magical power {unknown}
Wands
 m - a wand of paralysis (17/24)
 B - a wand of lightning (6/15)
Scrolls
 g - 3 scrolls of teleportation {unknown}
 i - a scroll of random uselessness {unknown}
 j - a scroll of enchant armour
 n - 3 scrolls of magic mapping
 o - 5 scrolls of remove curse
 p - 3 scrolls of noise {unknown}
 q - 4 scrolls of fog
 r - a scroll of fear {unknown}
 x - a scroll of identify
 z - a scroll of recharging {unknown}
 C - 2 scrolls of amnesia {unknown}
 D - a scroll of immolation {unknown}
Potions
 e - 3 potions of agility
 k - 3 potions of brilliance
 l - a potion of degeneration {unknown}
 s - 2 potions of flight {unknown}
 t - 6 potions of curing
 u - a potion of lignification {unknown}
 F - a potion of haste {unknown}
Comestibles
 f - 3 bread rations
 h - 4 meat rations
 E - a royal jelly


   Skills:
 + Level 7.5 Fighting
 + Level 9.7 Short Blades
 + Level 7.4 Armour
 + Level 3.6 Dodging
 + Level 0.3 Stealth
 + Level 9.2 Shields


You had 8 spell levels left.
You knew the following spells:

 Your Spells              Type           Power        Failure   Level  Hunger
a - Magic Dart            Conj           #...         91%         1    ##.....


Dungeon Overview and Level Annotations

Branches:
Dungeon (8/15)             Temple (0/1) D:5            Lair (1/6) D:8

Altars:
Ashenzari
Hepliaklqana
Okawaru

Shops:
D:6 ([:%   D:7 ![%!(


Message History

You puncture the crocodile!
The crocodile is almost dead.
You block the crocodile's attack.
You barely miss the crocodile.
The crocodile is almost dead.
The crocodile bites you but does no damage.
You closely miss the crocodile.
The crocodile is almost dead.
You block the crocodile's attack.
You hit the crocodile.
You kill the crocodile!
A komodo dragon comes into view.
The komodo dragon moves out of view.
Found a spear.
The komodo dragon closely misses you.
Found a scroll labeled UPAORI EDEI and a potion of curing.
You puncture the komodo dragon!
The komodo dragon is moderately wounded.
The komodo dragon bites you!!
You die...

.....
........................
...............#....#..#
#...... ...........##..# #
#...... #..........#..###
#...... #..P.......#...##
#....)? ##..........#.....
#......##...........##....
#.......l@..............##
#......###..........>...##
!...... ##..............#
#...... ##.........#####
#...... ##.......## #
#####.# ####.#### # ## ###


You could see a komodo dragon.

Vanquished Creatures
  A two-headed ogre (D:8)
  The ghost of Alfie the Slicer, a novice HOFi (Lair:1)
  The ghost of Alfie the Slicer, a novice HOFi (D:7)
  The ghost of Alfie the Cutter, a novice HOFi (D:5)
  The ghost of Alfie the Shield-Bearer, an amateur HOFi (D:3)
  A hippogriff (D:8)
  Edmund (D:4)
  A water moccasin (D:7)
  An ice beast (D:8)
  3 sky beasts
  2 black bears (D:7)
  A phantom (D:6)
  An ogre (D:5)
  3 centaurs
  A crocodile (Lair:1)
  3 bullfrogs
  A gnoll sergeant (D:8)
  A wyvern zombie (D:7)
  2 scorpions (D:6)
  4 killer bees (D:8)
  3 howler monkeys
  A bullfrog zombie (D:7)
  A jelly (D:5)
  An orc priest (D:7)
  4 hounds
  2 orc wizards
  A centaur skeleton (D:6)
  6 worker ants
  Natasha (twice) (D:3)
  A hound skeleton (D:7)
  7 gnolls
  10 adders
  A shadow imp (D:5)
  2 worms
  A dart slug (D:2)
  4 leopard geckos
  11 orcs
  2 giant cockroaches
  13 goblins
  9 hobgoblins
  5 jackals
  6 kobolds
  3 quokkas
  2 ball pythons (D:2)
  10 bats
  6 frilled lizards
  A jackal skeleton (D:4)
  A leopard gecko skeleton (D:4)
  5 rats
152 creatures vanquished.

Vanquished Creatures (others)
  3 fungi (D:8)
  4 plants (D:8)
7 creatures vanquished.

Grand Total: 159 creatures vanquished

Notes
Turn   | Place    | Note
-------+----------+-------------------------------------------
     0 | D:1      | Alfie the Hill Orc Fighter began the quest for the Orb.
     0 | D:1      | Reached XP level 1. HP: 19/19 MP: 1/1
    99 | D:1      | Reached XP level 2. HP: 27/27 MP: 2/2
   641 | D:1      | Reached XP level 3. HP: 33/33 MP: 3/3
   951 | D:2      | Reached XP level 4. HP: 5/40 MP: 4/4
  1060 | D:2      | HP: 2/40 [poisoned by an adder]
  1065 | D:2      | HP: 1/40 [poisoned by an adder]
  1600 | D:3      | Reached XP level 5. HP: 44/46 MP: 5/5
  1758 | D:3      | Found a shattered altar of Ashenzari.
  1861 | D:3      | Noticed Natasha
  1868 | D:3      | Killed Natasha
  2024 | D:3      | Noticed Natasha
  2024 | D:3      | Noticed Alfie's ghost (amateur HOFi)
  2037 | D:3      | Killed Natasha
  2037 | D:3      | Reached skill level 1 in Dodging
  2048 | D:3      | Killed Alfie's ghost
  2048 | D:3      | Reached XP level 6. HP: 24/53 MP: 6/6
  2048 | D:3      | Reached XP level 7. HP: 28/60 MP: 7/7
  2353 | D:4      | Reached skill level 5 in Shields
  2503 | D:4      | Noticed Edmund
  2516 | D:4      | Killed Edmund
  2590 | D:4      | Reached skill level 5 in Short Blades
  2617 | D:4      | Found an iron altar of Okawaru.
  3237 | D:5      | Entered Level 5 of the Dungeon
  3357 | D:5      | Reached skill level 5 in Armour
  3365 | D:5      | Reached skill level 5 in Fighting
  3431 | D:5      | Reached XP level 8. HP: 9/68 MP: 8/8
  3750 | D:5      | Noticed Alfie's ghost (novice HOFi)
  3779 | D:5      | Killed Alfie's ghost
  3826 | D:5      | Found a staircase to the Ecumenical Temple.
  4166 | D:6      | Found Qeyd Iqa's Food Emporium.
  4178 | D:6      | Bought a meat ration for 65 gold pieces
  4178 | D:6      | Bought a meat ration for 65 gold pieces
  4178 | D:6      | Bought a meat ration for 65 gold pieces
  4191 | D:6      | Found Begivaim's Book Boutique.
  4224 | D:6      | Found Hiucoyrgh's Antique Armour Boutique.
  4332 | D:6      | Reached XP level 9. HP: 69/74 MP: 9/9
  4370 | D:6      | Learned a level 1 spell: Magic Dart
  4431 | D:6      | Found Opoibli's Antique Weapon Emporium.
  4710 | D:7      | Found Jeopnav's Distillery.
  4719 | D:7      | Bought a potion of curing for 33 gold pieces
  4719 | D:7      | Bought a potion of curing for 33 gold pieces
  4848 | D:7      | Found Xahainycs's Food Shoppe.
  4907 | D:7      | Found Qeym Daro's Weapon Emporium.
  4976 | D:7      | Noticed Alfie's ghost (novice HOFi)
  5005 | D:7      | Killed Alfie's ghost
  5103 | D:7      | Found Leps's Armour Emporium.
  5455 | D:7      | Found Zaett's Distillery.
  5499 | D:7      | Bought a potion of curing for 33 gold pieces
  5499 | D:7      | Bought a potion of heal wounds for 55 gold pieces
  5499 | D:7      | Bought a potion of heal wounds for 55 gold pieces
  5646 | D:7      | Reached XP level 10. HP: 84/84 MP: 10/10
  5898 | D:8      | Found a staircase to the Lair.
  6015 | D:8      | Noticed a two-headed ogre
  6031 | D:8      | Killed a two-headed ogre
  6050 | Lair:1   | Entered Level 1 of the Lair of Beasts
  6050 | Lair:1   | Noticed Alfie's ghost (novice HOFi)
  6372 | D:8      | Found a hazy altar of Hepliaklqana.
  6730 | Lair:1   | Killed Alfie's ghost
  6786 | Lair:1   | Slain by a komodo dragon

Skill      XL: |  1  2  3  4  5  6  7  8  9 10 |
---------------+-------------------------------+-----
Fighting       | 4 5 6 7 |  7.5
Short Blades   | 3 4 5 7 8 9 |  9.7
Armour         | 4 5 6 7 |  7.4
Shields        | 4 5 7 8 9 |  9.2
Dodging        | 1 2 3 |  3.6
Stealth        | |  0.3

Action                   |  1- 3 |  4- 6 |  7- 9 | 10-12 || total
-------------------------+-------+-------+-------+-------++-------
Melee: Rapier            |    96 |   122 |   535 |   270 ||  1023
  Use: Potion            |       |     3 |     3 |     2 ||     8
       Scroll            |       |     6 |     6 |       ||    12
  Eat: Royal jelly       |       |     1 |     2 |       ||     3
       Bread ration      |       |     1 |       |       ||     1
       Fruit             |       |       |     5 |       ||     5
       Meat ration       |       |       |       |     2 ||     2
Armor: Scale mail        |    54 |    34 |   182 |    56 ||   326
Dodge: Dodged            |    31 |    35 |   109 |    68 ||   243
Block: Shield            |    63 |    57 |   268 |   132 ||   520
